 Dungeon Crawl Stone Soup version 0.24-a0-189-g5d897e9 (webtiles) character file.

Game seed: 18071227069857320135

1519 nono the Skirmisher (level 9, -4/68 (71) HPs)
             Began as a Formicid Wanderer on Mar 16, 2019.
             Was a Follower of the Shining One.
             Slain by an orc warrior
             ... wielding a +0 battleaxe
              (12 damage)
             ... on level 7 of the Dungeon on Mar 17, 2019.
             The game lasted 00:21:30 (6252 turns).

nono the Skirmisher (Formicid Wanderer)             Turns: 6252, Time: 00:21:31

HP:   -4/68 (71)    AC: 11    Str: 19    XL:     9   Next: 9%
MP:   11/11         EV:  6    Int: 13    God:    the Shining One [*.....]
Gold: 161           SH: 10    Dex: 10    Spells: 9/10 levels left

rFire    . . .     SeeInvis +   v - +2 hand axe (flame)
rCold    . . .     Gourm    .   e - +0 shield
rNeg     . . .     Faith    .   E - +0 chain mail
rPois    .         Spirit   .   (helmet unavailable)
rElec    .         Reflect  .   (no cloak)
rCorr    .         Harm     .   (no gloves)
MR       +....                  k - +0 pair of boots
Stlth    ..........             (no amulet)
HPRegen  0.21/turn              I - ring of protection from magic
MPRegen  0.12/turn              (no ring)

@: glowing
A: permanent stasis, dig shafts and tunnels, four strong arms, antennae 3
a: Dig, Shaft Self, Renounce Religion


You were on level 7 of the Dungeon.
You worshipped the Shining One.
The Shining One was aware of your devotion.
You were very hungry.

You visited 2 branches of the dungeon, and saw 8 of its levels.

You collected 282 gold pieces.
You spent 121 gold pieces at shops.

Inventory:

Hand Weapons
 a - a +0 club
 j - a +0 dagger
 m - a +0 hand axe
 n - a +3 flail of pain
 v - a +2 hand axe of flaming (weapon)
Missiles
 h - 13 tomahawks (quivered)
Armour
 d - a +0 robe
 e - a +0 shield (worn)
 i - a +0 ring mail
 k - a +0 pair of boots (worn)
 E - a +0 chain mail (worn)
Jewellery
 F - an uncursed ring of fire
 I - a ring of protection from magic (left hand)
Wands
 A - a wand of scattershot (7)
 B - a wand of acid (6)
 H - a wand of paralysis (13)
Scrolls
 g - 3 scrolls of teleportation
 l - 3 scrolls of random uselessness {unknown}
 p - 2 scrolls of enchant armour {unknown}
 s - 2 scrolls of blinking {unknown}
 t - 4 scrolls of remove curse {unknown}
 u - a scroll of amnesia {unknown}
 x - 5 scrolls of enchant weapon
 y - 2 scrolls of immolation {unknown}
 D - a scroll of fog {unknown}
 G - 4 scrolls of identify
 J - a scroll of magic mapping {unknown}
 K - a scroll of summoning {unknown}
Potions
 b - a potion of flight
 c - a potion of lignification
 o - 2 potions of curing
 q - a potion of agility
 r - 2 potions of cancellation
 w - a potion of brilliance
 z - a potion of resistance
 C - 2 potions of might
 L - a potion of invisibility {unknown}
Comestibles
 f - 7 rations


   Skills:
 + Level 6.6 Fighting
 + Level 3.5(3.9) Axes
 - Level 2.2(3.2) Maces & Flails
 - Level 1.0 Throwing
 + Level 5.5 Armour
 + Level 6.3 Shields
 - Level 0.4 Unarmed Combat
 - Level 1.1 Spellcasting
   Level 4.8 Earth Magic
 - Level 3.1 Invocations


You had 9 spell levels left.
You knew the following spells:

 Your Spells              Type           Power        Failure   Level  Hunger
a - Beastly Appendage     Tmut           #.....       99%         1    ##.....

Your spell library contained the following spells:

 Spells                   Type           Power        Failure   Level  Hunger
 Spider Form              Tmut/Pois      #.........   100%        3    ####...
 Bolt of Magma            Conj/Fire/Erth #.........   100%        5    ######.
 Iskenderun's Battlesphe  Conj/Chrm      #.......     100%        5    ######.
 Venom Bolt               Conj/Pois      #.........   100%        5    ######.
 Iron Shot                Conj/Erth      #.........   100%        6    #######
 Orb of Destruction       Conj           #.........   100%        7    #######
 Spellforged Servitor     Conj/Summ      #.........   100%        7    #######


Dungeon Overview and Level Annotations

Branches:
Dungeon (7/15)             Temple (1/1) D:4

Altars:
Ashenzari
Cheibriados
Dithmenos
Elyvilon
Fedhas
Gozag
Hepliaklqana
Kikubaaqudgha
Makhleb
Nemelex Xobeh
Ru
Sif Muna
Trog
Uskayaw
Wu Jian
Yredelemnul
Zin
The Shining One

Shops:
D:4 :!


Innate Abilities, Weirdness & Mutations

You cannot be hasted, slowed, berserked, paralysed or teleported.
You can dig through walls and to a lower floor.
Your four strong arms can wield two-handed weapons with a shield.
You have a pair of large antennae on your head. (SInv)


Message History

You kill the orc!
You hit the orc warrior. You burn the orc warrior.
The orc warrior barely misses you. You block the orc priest's attack.
You slash the orc priest! You burn the orc priest.
You kill the orc priest!
The Shining One accepts your kill.
You feel better.
You hit the orc warrior but do no damage.
The orc warrior hits you with a +0 battleaxe!!
You hit the orc warrior. You burn the orc warrior.
The orc warrior is almost dead.
The orc warrior barely misses you.
You hit the orc warrior but do no damage.
The orc warrior is almost dead.
The orc warrior hits you with a +0 battleaxe!!
* * * LOW HITPOINT WARNING * * *
You closely miss the orc warrior.
The orc warrior is almost dead.
The orc warrior hits you with a +0 battleaxe!
You die...

#.## ####..#
#.....###
#.......## # ##
##...###...
..###.# ###..###
#### .......
##...## #
......)####..###
......o@...###
......))..##
..........#
.......#.##
.....###.# #####
#.# #.# #.#


You could see an orc warrior.

Vanquished Creatures
  A black bear (D:6)
  An ice beast (D:5)
  2 sky beasts
  A necrophage (D:2)
  An ogre (D:4)
  A centaur (D:5)
  A bullfrog (D:6)
  A scorpion (D:5)
  A howler monkey (D:5)
  A crimson imp (D:7)
  A bullfrog zombie (D:6)
  A centaur zombie (D:6)
  A hound (D:5)
  5 orc priests
  An iguana (D:5)
  2 orc wizards
  2 worker ants
  A hound skeleton (D:5)
  8 gnolls
  9 adders
  A shadow imp (D:5)
  2 oozes
  2 adder skeletons
  7 worms
  2 dart slugs
  5 leopard geckos
  17 orcs
  8 bats
  4 giant cockroaches
  11 goblins
  10 hobgoblins
  6 jackals
  2 quokkas
  7 frilled lizards
  A jackal skeleton (D:5)
  7 kobolds
  A leopard gecko zombie (D:5)
  A quokka skeleton (D:4)
  17 rats
153 creatures vanquished.

Notes
Turn   | Place    | Note
-------+----------+-------------------------------------------
     0 | D:1      | nono the Formicid Wanderer began the quest for the Orb.
     0 | D:1      | nono set off with the following items: a +0 club, a potion
                  | of lignification, a +0 robe, a +0 shield, a ration; and the
                  | following spell memorised: Beastly Appendage; and the
                  | following spells available to memorise: Spider Form
     0 | D:1      | Reached XP level 1. HP: 18/18 MP: 2/2
   202 | D:1      | Reached XP level 2. HP: 24/24 MP: 3/3
   318 | D:1      | Reached skill level 1 in Armour
   383 | D:1      | Reached XP level 3. HP: 19/30 MP: 4/4
  1277 | D:1      | Reached XP level 4. HP: 14/37 MP: 5/5
  1865 | D:2      | Reached skill level 1 in Maces & Flails
  2035 | D:2      | Reached XP level 5. HP: 31/42 MP: 6/6
  2263 | D:2      | Noticed a necrophage
  2295 | D:2      | Killed a necrophage
  2295 | D:2      | Reached XP level 6. HP: 13/46 MP: 7/7
  2469 | D:2      | Found a shadowy altar of Dithmenos.
  3427 | D:4      | Found a staircase to the Ecumenical Temple.
  3535 | D:4      | Found Xogip's Distillery.
  3544 | Temple   | Entered the Ecumenical Temple
  3570 | Temple   | Became a worshipper of the Shining One
  3621 | D:4      | Bought a potion of might for 44 gold pieces
  3621 | D:4      | Bought a potion of might for 44 gold pieces
  3621 | D:4      | Bought a potion of curing for 33 gold pieces
  3710 | D:4      | Noticed an ogre
  3721 | D:4      | Killed an ogre
  3721 | D:4      | Reached skill level 5 in Fighting
  3721 | D:4      | Reached skill level 1 in Invocations
  3721 | D:4      | Reached XP level 7. HP: 27/53 MP: 8/8
  4022 | D:4      | Found Sulukk's Book Emporium.
  4192 | D:4      | Noticed a moth of wrath
  4196 | D:4      | Found a bloodstained altar of Trog.
  4218 | D:4      | Got a faintly glowing mace
  4221 | D:4      | Identified the +2 mace "Ybar" {vamp, rElec} (You found it
                  | on level 4 of the Dungeon)
  4255 | D:5      | Entered Level 5 of the Dungeon
  4453 | D:5      | Reached skill level 1 in Axes
  4685 | D:5      | Reached XP level 8. HP: 38/60 MP: 9/9
  4755 | D:5      | Reached skill level 5 in Shields
  5140 | D:5      | Reached * piety under the Shining One
  5764 | D:6      | Reached skill level 5 in Armour
  5900 | D:6      | Reached XP level 9. HP: 58/68 MP: 11/11
  6252 | D:7      | Slain by an orc warrior

Levels and vault maps discovered:
D:1:      dpeg_arrival_simpleton_b, layout_loops_ring
D:2:      layout_loops_cross, lemuel_doored_altar
D:3:      layout_loops_ring, minmay_goblin_outpost
D:4:      layout_cave_pools, tgw_trog, minmay_temple_entry_overgrown,
          first_ration, serial_shops, shop, shop, minmay_misc_feat_enclosed
D:5:      layout_cave_pools
D:6:      layout_loops_ring, bh_walls_and_bars
D:7:      layout_cave_pods, uniq_duvessa
Temple:   lightli_temple_of_artemis

Skill      XL: |  1  2  3  4  5  6  7  8 |
---------------+-------------------------+-----
Armour         | 1 2 3 4 5 |  5.5
Shields        | 2 3 4 6 |  6.3
Fighting       | 4 5 6 |  6.6
Maces & Flails | 1 2 |  2.2
Invocations    | 1 2 3 |  3.1
Axes           | 1 3 |  3.5
Throwing       | |  1.0
Unarmed Combat | |  0.4
Spellcasting   | |  1.1
Earth Magic    | |  4.8

Action                   |  1- 3 |  4- 6 |  7- 9 || total
-------------------------+-------+-------+-------++-------
Melee: Club              |    17 |       |       ||    17
       Dagger            |   134 |       |       ||   134
       Flail             |     7 |   220 |       ||   227
       Unarmed           |     1 |       |       ||     1
       Hand axe          |       |    22 |   202 ||   224
 Abil: Dig               |       |     1 |     1 ||     2
Evoke: Wand              |       |     1 |     1 ||     2
  Use: Potion            |     1 |       |       ||     1
       Scroll            |       |     4 |     4 ||     8
  Eat: Chunk             |       |    10 |     5 ||    15
       Ration            |       |       |     2 ||     2
Armor: Robe              |     1 |       |       ||     1
       Ring mail         |    58 |    76 |    12 ||   146
       Skin              |     1 |       |       ||     1
       Chain mail        |       |       |   103 ||   103
Dodge: Dodged            |    43 |    93 |    47 ||   183
Block: Shield            |    78 |   117 |   116 ||   311

Table legend:
 A = Non-vault XP
 B = Vault XP
 C = Vault XP percentage of total XP
 D = Non-vault monster count
 E = Vault monster count
 F = Vault count percentage of total count
                 A         B        C        D         E       F
            +---------+---------+-------+---------+---------+-------
      Total |    2154 |      17 |   0.8 |     142 |      11 |   7.2
            +---------+---------+-------+---------+---------+-------
        D:1 |     101 |       0 |   0.0 |      28 |       0 |   0.0
        D:2 |     238 |       0 |   0.0 |      29 |       0 |   0.0
        D:3 |      68 |      12 |  15.0 |      24 |       6 |  20.0
        D:4 |     211 |       5 |   2.3 |      14 |       5 |  26.3
        D:5 |     816 |       0 |   0.0 |      25 |       0 |   0.0
        D:6 |     584 |       0 |   0.0 |      17 |       0 |   0.0
        D:7 |     136 |       0 |   0.0 |       5 |       0 |   0.0
            +---------+---------+-------+---------+---------+-------
